 Dungeon Crawl Stone Soup version 0.27.1-2-g3b301248ec (webtiles) character file.

Game seed: 7832959797800853702

60 BobTheBalder the Sneak (level 3, -16/16 HPs)
             Began as a Spriggan Conjurer on Sept 27, 2021.
             Demolished by a polar bear (17 damage)
             ... created by the rage of Trog
             ... on level 3 of the Dungeon.
             The game lasted 00:09:03 (2442 turns).

BobTheBalder the Sneak (Spriggan Conjurer)          Turns: 2442, Time: 00:09:04

Health: -16/16     AC:  2    Str:  3    XL:     3   Next: 80%
Magic:  13/17      EV: 21    Int: 20    God:
Gold:   83         SH:  0    Dex: 13    Spells: 5/8 levels left

rFire    . . .     SeeInvis +   l - +0 dagger
rCold    . . .     Faith    .   (shield restricted)
rNeg     . . .     Spirit   .   a - +0 robe
rPois    .         Reflect  .   (helmet restricted)
rElec    .         Harm     .   (no cloak)
rCorr    .         Rampage  .   (gloves unavailable)
Will     .....                  (boots unavailable)
Stlth    ++........             (no amulet)
HPRegen  0.05/turn              d - +4 ring of evasion
MPRegen  0.15/turn              h - ring of magical power

@: very quick
A: very small, no large weapons, unfitting armour, see invisible, speed 3
a: no special abilities


You were on level 3 of the Dungeon.
You visited 1 branch of the dungeon, and saw 3 of its levels.

You collected 83 gold pieces.

Inventory:

Hand Weapons
 l - a +0 dagger (weapon)
Armour
 a - a +0 robe (worn)
Jewellery
 d - a +4 ring of evasion (left hand)
 g - a ring of positive energy
 h - a ring of magical power (right hand)
Scrolls
 b - a scroll of vulnerability
 f - a scroll of holy word {unknown}
 k - a scroll of acquirement {unknown}
 m - a scroll of summoning {unknown}
Potions
 c - a potion of flight {unknown}
 e - 2 potions of attraction {unknown}
 i - a potion of lignification {unknown}
 j - a potion of brilliance {unknown}
 n - a potion of mutation {unknown}


   Skills:
 + Level 3.1 Dodging
 + Level 3.9 Stealth
 - Level 3.1 Spellcasting
 - Level 3.6 Conjurations


You had 5 spell levels left.
You knew the following spells:

 Your Spells              Type           Power      Damage    Failure   Level
a - Magic Dart            Conj           68%        1d6       3%          1
b - Searing Ray           Conj           34%        3d4       4%          2

Your spell library contained the following spells:

 Spells                   Type           Power      Damage    Failure   Level
 Dazzling Flash           Conj/Hex       20%        N/A       21%         3
 Fulminant Prism          Conj/Hex       5%         3d7       54%         4
 Iskenderun's Mystic Bla  Conj/Tloc      10%        2d4       54%         4
 Iskenderun's Battlesphe  Conj           17%        2d7       65%         5
 Iron Shot                Conj/Erth      5%         9d2       100%        6
 Malign Gateway           Summ/Tloc      1%         N/A       100%        7
 Spellforged Servitor     Conj/Summ      5%         N/A       100%        7
 Summon Horrible Things   Summ           1%         N/A       100%        8


Dungeon Overview and Level Annotations

Branches:
Dungeon (3/15)

Altars:
Trog


Innate Abilities, Weirdness & Mutations

You are very small and have problems with some larger weapons.
You are too small for most types of armour.
You have supernaturally acute eyesight. (SInv)
You cover ground extremely quickly. (Speed+++)


Message History

You see here a white potion.
There are monsters nearby!
Casting: Magic Dart (safe; 3% risk of failure)
Confirm with . or Enter, or press ? or * to list all spells.
You don't know that spell.
Casting: Magic Dart (safe; 3% risk of failure)
Confirm with . or Enter, or press ? or * to list all spells.
Aiming: Searing Ray (safe; 4% risk of failure)
Press: ? - help, Shift-Dir - straight line, f - black bear
Aim: a black bear (durably summoned, berserk, 84% to hit)
The searing ray hits the polar bear.
The polar bear is lightly wounded.
The searing ray hits the black bear.
The black bear is lightly wounded. (Press . to maintain the ray.)
The black bear rages.
You hear an angry growl.
The polar bear barely misses you. The polar bear closely misses you. x2
The searing ray hits the polar bear.
The polar bear is lightly wounded.
The searing ray hits the polar bear.
The polar bear is lightly wounded.
The searing ray misses the black bear.
The polar bear bites you. The polar bear claws you.
The polar bear completely misses you.
The searing ray hits the polar bear.
The polar bear is lightly wounded.
The searing ray hits the polar bear.
The polar bear is lightly wounded.
The searing ray hits the black bear.
The black bear is moderately wounded.
The polar bear completely misses you. x2; The polar bear barely misses you.
The black bear rages.
The polar bear closely misses you. The polar bear claws you.
* * * LOW HITPOINT WARNING * * *
The polar bear claws you.
* * * LOW HITPOINT WARNING * * *
The black bear rages.
The polar bear bites you!
Ouch! That really hurt!
You die...

#.##.# #.
#####.##.## .
#.........#
.# #.
....#######.#
###.#.... ##
#.###....>...
#..##!#
#..h..#
#.h##.#
#@###.# #.#
#.# ..# #.#
>... ..#
##... ..#
#.####.# ..
##


You could see 2 polar bears.

Vanquished Creatures
  An adder (D:2)
  A worm (D:3)
  7 ball pythons
  A bat (D:2)
  8 endoplasms
  2 giant cockroaches
  A goblin (D:2)
  3 hobgoblins
  6 jackals
  A quokka (D:2)
  6 frilled lizards
  2 kobolds (D:1)
  2 rats (D:2)
41 creatures vanquished.

Notes
Turn   | Place    | Note
-------+----------+-------------------------------------------
     0 | D:1      | BobTheBalder the Spriggan Conjurer began the quest for the
                  | Orb.
     0 | D:1      | Reached XP level 1. HP: 9/9 MP: 5/5
   444 | D:1      | Reached XP level 2. HP: 13/13 MP: 2/6
  1262 | D:2      | Learned a level 2 spell: Searing Ray
  1511 | D:2      | Reached XP level 3. HP: 16/16 MP: 8/8
  1894 | D:2      | Found a faded altar of an unknown god.
  1902 | D:2      | Became a worshipper of Trog the Wrathful
  1902 | D:2      | Reached * piety under Trog
  2058 | D:2      | Was placed under penance by Trog
  2059 | D:2      | Fell from the grace of Trog
  2435 | D:3      | Noticed a polar bear
  2435 | D:3      | Noticed a polar bear
  2435 | D:3      | Noticed a black bear
  2442 | D:3      | Demolished by a polar bear

Illustrated notes

Levels and vault maps discovered:
D:1:      elethiomel_arrival_shortcut, layout_basic, minmay_quantized
D:2:      layout_basic, basic_ecumenical_altar, hangedman_decor_push
D:3:      layout_loops_ring, portal_sewer_entry_e

Skill      XL: |  1  2  3 |
---------------+----------+-----
Conjurations   | 3 |  3.6
Spellcasting   | 3 |  3.1
Dodging        | 3 |  3.1
Stealth        | |  3.9

Action                   || total
-------------------------++-------
 Cast: Magic Dart        ||    61
       Searing Ray       ||    12
Invok: Renounce Religion ||     1
  Use: Scroll            ||     1
Dodge: Dodged            ||    15
